 Dungeon Crawl Stone Soup version 0.31-a0-609-g7bf6ffcfed (webtiles) character file.

Game seed: 13271413415729517227

53 rjrrt the Trooper (level 3, -1/33 HPs)
             Began as a Minotaur Fighter on Aug 21, 2023.
             Succumbed to Robin's poison
             ... on level 2 of the Dungeon.
             The game lasted 00:02:06 (939 turns).

rjrrt the Trooper (Minotaur Fighter)                 Turns: 939, Time: 00:02:07

Health: -1/33      AC:  7    Str: 22    XL:     3   Next: 62%
Magic:  2/2        EV:  9    Int:  5    God:
Gold:   41         SH:  4    Dex:  9    Spells: 2/2 levels left

rFire   . . .        a - +0 war axe
rCold   . . .        c - +0 buckler
rNeg    . . .        b - +0 scale mail
rPois   .            (helmet restricted)
rElec   .            (no cloak)
rCorr   .            (no gloves)
SInv    .            (no boots)
Will    .....        (no amulet) Stlth
                     (no ring)
HPRegen 0.25/turn    (no ring)
MPRegen 0.08/turn

%: no passive effects
@: lethally poisoned (-1 -> -19)
A: horns 2, retaliatory headbutt
a: no special abilities


You were on level 2 of the Dungeon.
You visited 1 branch of the dungeon, and saw 2 of its levels.

You collected 63 gold pieces.
You spent 22 gold pieces at shops.

Inventory:

Hand Weapons
 a - a +0 war axe (weapon)
Armour
 b - a +0 scale mail (worn)
 c - a +0 buckler (worn)
Wands
 f - a wand of polymorph (6)
Scrolls
 e - a scroll of blinking {unknown}
 g - a scroll of enchant armour {unknown}
 i - a scroll of amnesia {unknown}
Potions
 d - a potion of might
 h - 3 potions of haste


   Skills:
 + Level 4.1 Fighting
 * Level 3.6 Axes
 + Level 4.1 Armour
 - Level 4.0 Shields


You had 2 spell levels left.
You didn't know any spells.
Your spell library was empty.

Dungeon Overview and Level Annotations

Branches:
Dungeon (2/15)

Altars:

Shops:
D:2 =(=*

Annotations:
D:2 Robin


Innate Abilities, Weirdness & Mutations

You have a pair of horns on your head.
You reflexively headbutt those who attack you in melee.


Message History

Robin hits you from afar with a +5 spear of venom.
You are poisoned.
The goblin hits you with a +0 club.
Unknown command.
You closely miss the goblin.
The goblin is heavily wounded.
You hit the goblin.
You feel very sick. The goblin hits you but does no damage.
Robin throws the goblin at you! The goblin closely misses you.
Unknown command.
You hit the goblin but do no damage.
The goblin is heavily wounded.
You miss the goblin. You slash the goblin!
You kill the goblin!
You feel sick. The goblin barely misses you. You furiously retaliate!
You headbutt the goblin.
You kill the goblin!
Robin hits you from afar with a +5 spear of venom.
You are more poisoned.
You block the goblin's attack. Robin hits you but does no damage.
You block the goblin's attack.
You closely miss the goblin.
The goblin is heavily wounded.
You closely miss the hobgoblin.
You feel very sick. The hobgoblin hits you.
Robin hits you from afar with a +5 spear of venom.
* * * LOW HITPOINT WARNING * * *
You are more poisoned.
You block the goblin's attack.
You are too injured to fight recklessly!
Unknown command.
You are too injured to fight recklessly!
Unknown command.
You are too injured to fight recklessly!
You hit the goblin.
You kill the goblin!
You hit the hobgoblin.
You die...

########......#
############### ......#
..# #. ......#####.###
#g## ......#.......#
#g..# #8...##.......#
...g# #.##.##.∩.....#
gg..#
.∩<8..........####.g..#
.....#.####.####@#...#...
.8...#.# #....))gg......
.....#..#######..########
.....##........>.......
.....# ##.#############
.##### +# #


You could see Robin and a hobgoblin (strong).

Vanquished Creatures
  An adder (D:2)
  6 endoplasms
  2 giant cockroaches
  13 goblins
  3 hobgoblins
  3 jackals (D:1)
  A ball python (D:1)
  3 bats
  3 frilled lizards (D:1)
  A kobold (D:1)
  3 rats
39 creatures vanquished.

Notes
Turn   | Place    | Note
-------+----------+-------------------------------------------
     0 | D:1      | rjrrt the Minotaur Fighter began the quest for the Orb.
     0 | D:1      | Reached XP level 1. HP: 19/19 MP: 0/0
    55 | D:1      | Reached XP level 2. HP: 15/27 MP: 1/1
   678 | D:1      | You fall into a shaft and drop 1 floor!
   686 | D:2      | Reached XP level 3. HP: 32/33 MP: 2/2
   706 | D:2      | Found Hump's Jewellery Shoppe.
   806 | D:2      | Found Dailuror's Jewellery Emporium.
   889 | D:2      | Found Vucin's Antique Weapon Shop.
   897 | D:2      | Found Zuefrun's General Store.
   909 | D:2      | Bought a scroll of identify for 22 gold pieces
   923 | D:2      | Noticed Robin
   939 | D:2      | Succumbed to Robin's poison

Illustrated notes

Levels and vault maps discovered:
D:1:      minmay_arrival_three_doors, layout_basic
D:2:      layout_basic, serial_shops, nicolae_shop_statue_plus, shop,
          nicolae_lakefront_shop, nicolae_shop_bloodbath_and_beyond, shop,
          uniq_crazy_yiuf_cottage, uniq_robin

Skill      XL: |  1  2 |
---------------+-------+-----
Axes           | 3 |  3.6
Fighting       | 4 |  4.1
Armour         | 4 |  4.1
Shields        | 4 |  4.0

Action                     || total
---------------------------++-------
  Melee: War axe           ||    69
         Headbutt          ||     8
    Use: Scroll            ||     1
 Armour: Scale mail        ||    37
  Dodge: Dodged            ||    26
  Block: Buckler           ||    21

Table legend: (Time is in decaauts)
 A = Elapsed time spent in this place.
 B = Non-inter-level travel time spent in this place.
 C = Inter-level travel time spent in this place.
 D = Time resting spent in this place.
 E = Time spent auto-exploring this place.
 F = Levels seen in this place.
 G = Mean time per level.
                   A        B        C        D        E       F      G
               +--------+--------+--------+--------+--------+-----+--------+
         Total |    964 |    964 |      0 |      2 |    773 |   2 |  482.0 |
       Dungeon |    964 |    964 |      0 |      2 |    773 |   2 |  482.0 |
               +--------+--------+--------+--------+--------+-----+--------+

Top non-repeatable levels by time:
     D:1: 692 daAuts
     D:2: 272 daAuts
